Map: [ESL] Royal Blood

Players

Dark

  • Race: Zerg Zerg

herO - Winner!

  • Race: Protoss Protoss

Event: IEM Katowice 2023

VOD

Have the link to the VOD?

Description

Time

  • Played on: Feb. 12, 2023, 9:37 a.m.
  • Length: 8:34

All games in this series

Show
View Real Time Build Order
Export as new Build Order

Dark Zerg 

Build Orders: Hatch First 

Get SALT Encoding   

  12  0:00  Drone  
  13  0:13  Overlord  
  13  0:17  Drone  
  14  0:31  Drone x2  
  17  0:35  Drone  
  17  0:57  Drone, Hatchery  
  16  1:01  Drone  
  18  1:11  Extractor  
  18  1:16  Spawning Pool  
  16  1:19  Drone  
  16  1:22  Drone  
  18  1:29  Drone  
  19  1:42  Drone  
  20  1:50  Drone  
  21  2:03  Zergling x2  
  21  2:08  Queen  
  24  2:09  Queen  
  24  2:10  Zergling x2  
  24  2:11  Metabolic Boost  
  27  2:16  Overlord  
  27  2:22  Drone  
  28  2:35  Drone x3  
  31  2:44  Hatchery  
  31  2:47  Queen  
  32  2:52  Overlord  
  32  2:56  Drone  
  33  2:59  Drone  
  33  3:03  Queen  
  36  3:11  Drone  
  36  3:12  Drone x2  
  39  3:17  Drone  
  39  3:18  Overlord  
  40  3:23  Queen  
  43  3:27  Zergling x4  
  43  3:33  Overlord  
  44  3:36  Overlord  
  44  3:38  Drone  
  45  3:42  Queen  
  45  3:46  Drone x2  
  49  3:52  Drone  
  49  3:54  Drone x2  
  52  3:56  Drone x2  
  52  3:57  Drone x2  
  56  4:03  Spore Crawler  
  56  4:04  Spore Crawler  
  56  4:07  Drone, Spore Crawler  
  54  4:10  Drone x2  
  54  4:12  Drone  
  54  4:14  Drone  
  54  4:15  Drone  
  59  4:20  Overlord  
  59  4:24  Evolution Chamber  
  59  4:25  Drone x2  
  59  4:28  Drone  
  60  4:32  Zergling x6  
  60  4:33  Zergling x2  
  60  4:35  Drone  
  60  4:37  Overlord  
  65  4:41  Drone x2  
  65  4:43  Drone x2  
  65  4:44  Drone  
  67  4:46  Drone  
  67  4:50  Drone x2  
  70  4:53  Drone  
  70  4:54  Drone  
  70  4:59  Drone  
  73  5:02  Drone x2  
  73  5:06  Zerg Melee Weapons Level 1  
  75  5:10  Drone x2  
  75  5:13  Drone x3, Hatchery  
  77  5:14  Drone  
  78  5:21  Extractor, Drone x4  
  78  5:22  Extractor  
  78  5:24  Drone  
  78  5:26  Lair  
  81  5:31  Evolution Chamber  
  81  5:32  Drone  
  81  5:34  Overlord  
  81  5:35  Drone  
  79  5:36  Drone x2  
  79  5:38  Overlord  
  79  5:40  Overlord  
  81  5:43  Overlord  
  81  5:48  Drone  
  82  5:50  Overlord, Baneling Nest  
  82  5:51  Overlord  
  82  5:53  Drone x3  
  82  5:54  Drone  
  82  5:55  Drone  
  82  5:58  Drone  
  82  6:00  Drone  
  82  6:01  Drone x2  
  82  6:02  Drone  
  85  6:04  Extractor, Drone  
  85  6:09  Drone  
  86  6:11  Extractor  
  86  6:12  Extractor  
  86  6:16  Hatchery  
  86  6:18  Drone  
  84  6:20  Drone x2  
  84  6:21  Zerg Ground Armor Level 1  
  87  6:25  Drone x5  
  87  6:29  Drone  
  87  6:31  Drone x2  
  87  6:32  Infestation Pit, Drone  
  94  6:33  Drone  
  95  6:41  Drone x4  
  98  6:55  Drone x6  
  98  6:56  Drone  
  98  6:57  Spore Crawler  
  104  7:01  Zergling x10  
  104  7:04  Centrifugal Hooks  
  104  7:06  Zergling x4  
  110  7:12  Hatchery  
  110  7:15  Zergling x10  
  114  7:18  Hive  
  115  7:22  Zergling x2  
  115  7:23  Zergling x10  
  115  7:28  Zergling x14  
  127  7:33  Zergling x8  
  130  7:40  Zergling x4  
  130  7:41  Zergling x2  
  129  7:52  Overlord x5  
  129  7:54  Overlord  
  129  7:58  Overlord  
  128  8:00  Overlord  
  128  8:01  Overlord  
  127  8:08  Overlord, Zergling x2  
  127  8:09  Overlord  
  124  8:17  Zergling x14  
Show
View Real Time Build Order
Export as new Build Order

herO Protoss - Winner!

Build Orders: 1 Gate Expand, Oracle Opening 

Get SALT Encoding   

  12  0:00  Probe  
  13  0:12  Probe  
  14  0:17  Pylon  
  14  0:24  Probe (Chrono Boost)  
  16  0:36  Probe (Chrono Boost)  
  16  0:42  Gateway  
  16  0:43  Probe (Chrono Boost)  
  16  0:47  Assimilator  
  17  0:50  Probe  
  18  1:03  Probe  
  19  1:15  Probe  
  20  1:25  Nexus  
  20  1:34  Cybernetics Core  
  20  1:37  Probe  
  21  1:42  Assimilator  
  21  1:49  Probe  
  21  1:53  Pylon  
  22  2:01  Probe  
  23  2:11  Adept  
  23  2:13  Probe (Chrono Boost)  
  26  2:16  Stargate  
  27  2:23  Probe (Chrono Boost)  
  27  2:25  Warp Gate  
  27  2:28  Probe (Chrono Boost)  
  28  2:37  Probe (Chrono Boost)  
  28  2:41  Stalker  
  32  2:45  Probe (Chrono Boost)  
  32  2:46  Probe (Chrono Boost)  
  33  2:51  Probe x2 (Chrono Boost)  
  35  2:59  Oracle (Chrono Boost)  
  35  3:03  Probe x2  
  40  3:09  Pylon  
  40  3:14  Adept  
  40  3:16  Probe x2  
  44  3:28  Probe x2  
  44  3:31  Oracle (Chrono Boost)  
  49  3:40  Probe x2  
  51  3:50  Nexus  
  51  3:52  Pylon  
  51  3:55  Probe x2  
  53  4:02  Assimilator x2  
  52  4:07  Oracle (Chrono Boost)  
  52  4:08  Probe x2  
  54  4:14  Forge  
  54  4:15  Adept  
  59  4:20  Probe x2  
  61  4:26  Twilight Council  
  61  4:32  Pylon, Probe  
  61  4:34  Gateway  
  62  4:42  Gateway  
  62  4:43  Gateway  
  62  4:50  Probe x2, Oracle  
  62  4:51  Protoss Ground Weapons Level 1  
  67  4:57  Adept  
  69  5:02  Probe  
  69  5:04  Probe (Chrono Boost)  
  69  5:05  Blink (Chrono Boost)  
  71  5:15  Probe (Chrono Boost)  
  71  5:16  Probe x2 (Chrono Boost)  
  74  5:21  Gateway x2  
  74  5:23  Shield Battery  
  74  5:26  Probe (Chrono Boost)  
  74  5:28  Probe x2 (Chrono Boost)  
  77  5:31  Probe (Chrono Boost)  
  77  5:34  Probe x2  
  80  5:39  Gateway  
  80  5:40  Pylon, Probe  
  81  5:45  Robotics Facility  
  81  5:46  Probe x2  
  83  5:53  Probe  
  81  5:59  Stalker x3  
  81  6:00  Stalker  
  89  6:08  Probe  
  90  6:12  Photon Cannon  
  90  6:19  Pylon, Stalker  
  90  6:22  Pylon  
  90  6:23  Nexus  
  92  6:36  Warp Prism (Chrono Boost)  
  92  6:37  Pylon, Stalker x3  
  100  6:44  Probe x3  
  103  6:51  Stalker x2  
  107  6:55  Photon Cannon  
  107  6:56  Shield Battery  
  107  6:59  Stalker x2  
  111  7:05  Observer  
  109  7:16  Stalker x4  
  109  7:19  Gateway  
  109  7:21  Gateway  
  117  7:27  Pylon  
  117  7:35  Probe x3  
  117  7:36  Stalker x3  
  126  7:40  Stalker x3  
  132  7:47  Probe x4  
  132  7:49  Gateway  
  128  7:54  Stalker  
  130  8:00  Stalker x3  
  130  8:04  Zealot  
  130  8:05  Zealot  
  140  8:12  Zealot  
  131  8:20  Zealot  
  131  8:21  Zealot x2  
  131  8:23  Pylon  
  131  8:24  Zealot  
  131  8:25  Pylon  
  139  8:27  Pylon  
  139  8:29  Pylon  
  139  8:31  Dark Shrine  

Tags
 
Add a new tag
Caveats
  • Supply blocks, unpowered buildings, or Contaminate may cause inaccurate times.
  • Supply counts are checked every 10 seconds.